 Dungeon Crawl Stone Soup version 0.24.0-13-gcf9b319 (webtiles) character file.

Game seed: 3649541613516740381, levelgen mode: deterministic

45 Balder the Skirmisher (level 3, -4/33 HPs)
             Began as a Hill Orc Fighter on Apr 23, 2020.
             Slain by Sigmund
             ... wielding a +0 scythe
              (5 damage)
             ... on level 2 of the Dungeon.
             The game lasted 00:03:42 (962 turns).

Balder the Skirmisher (Hill Orc Fighter)             Turns: 962, Time: 00:03:43

Health: -4/33      AC:  6    Str: 23    XL:     3   Next: 64%
Magic:  3/3        EV:  7    Int:  8    God:
Gold:   67         SH:  9    Dex: 11    Spells: 2/2 levels left

rFire    . . .     SeeInvis .   a - +0 war axe
rCold    . . .     Gourm    .   c - +0 shield
rNeg     . . .     Faith    .   b - +0 scale mail
rPois    .         Spirit   .   (no helmet)
rElec    .         Reflect  .   (no cloak)
rCorr    .         Harm     .   (no gloves)
MR       .....                  (no boots)
Stlth    ..........             (no amulet)
HPRegen  0.11/turn              (no ring)
MPRegen  0.08/turn              (no ring)

@: mighty, lethally poisoned (-4 -> -5)
A: no striking features
a: no special abilities


You were on level 2 of the Dungeon.
You were not hungry.

You visited 1 branch of the dungeon, and saw 2 of its levels.

You collected 67 gold pieces.

Inventory:

Hand Weapons
 a - a +0 war axe (weapon)
Armour
 b - a +0 scale mail (worn)
 c - a +0 shield (worn)
 j - a +0 helmet
Jewellery
 i - an uncursed ring of wizardry {unknown}
Scrolls
 e - a scroll of identify {unknown}
 h - a scroll of teleportation {unknown}
 l - a scroll of magic mapping {unknown}
Potions
 k - a potion of curing {unknown}
Comestibles
 f - 3 rations
 g - 2 chunks of flesh


   Skills:
 * Level 4.1 Fighting
 * Level 3.8 Axes
 * Level 0.4 Throwing
 * Level 3.4 Armour
 * Level 3.7 Shields


You had 2 spell levels left.
You didn't know any spells.
Your spell library was empty.

Dungeon Overview and Level Annotations

Branches:
Dungeon (2/15)

Altars:

Annotations:
D:2 Sigmund


Message History

Sigmund gestures wildly while chanting.
Sigmund flickers and vanishes!
Deactivating autopickup; reactivate with Ctrl-A.
You block the adder's attack.
You closely miss the adder.
You feel sick. The adder barely misses you. The adder bites you.
You miss the adder. The adder barely misses you. You block the adder's attack.
You feel very mighty all of a sudden. You block the adder's attack.
You slice the adder!!
You kill the adder!
You feel sick. You block the goblin's attack.
You closely miss the goblin. The goblin barely misses you. Something hits you!
You closely miss the goblin. You block the goblin's attack. Something hits you!
* * * LOW HITPOINT WARNING * * *
You barely miss the goblin.
* * * LOW HITPOINT WARNING * * *
You feel sick. You block the goblin's attack.
You miss the goblin. Something hits you.
You die...

#..........>...
#.(....†..#
##.(.......###.#
##..............#
####...........##.##
#..............# ..
#.##...........# #
#.#............#
#........#.##@##
#.......##.##g# ##
#.......##.##.##...#
#....<.......g..@..#
#......##...#..#...#
#..............# .##
##.....##...#..# .g
####.....###.##..#
##
##..>.............#


You could see a hobgoblin and a goblin.

Vanquished Creatures
  2 adders (D:2)
  A dart slug (D:1)
  7 hobgoblins (D:1)
  A bat (D:1)
  A frilled lizard (D:1)
  6 goblins
  7 kobolds
  A rat (D:1)
26 creatures vanquished.

Notes
Turn   | Place    | Note
-------+----------+-------------------------------------------
     0 | D:1      | Balder the Hill Orc Fighter began the quest for the Orb.
     0 | D:1      | Reached XP level 1. HP: 19/19 MP: 1/1
   171 | D:1      | Reached XP level 2. HP: 27/27 MP: 2/2
   251 | D:1      | Reached skill level 4 in Fighting
   424 | D:1      | Reached XP level 3. HP: 33/33 MP: 3/3
   947 | D:2      | Noticed Sigmund
   961 | D:2      | HP: 1/33 [poisoned by an adder]
   962 | D:2      | Slain by Sigmund

Levels and vault maps discovered:
D:1:      eino_arrival_cavern_b, layout_basic, kennysheep_boxes
D:2:      layout_loops_ring, gammafunk_temple_overflow_wave, uniq_sigmund

Skill      XL: |  1  2 |
---------------+-------+-----
Axes           | 3 |  3.8
Fighting       | 4 |  4.1
Throwing       | |  0.4
Armour         | |  3.4
Shields        | |  3.7

Action                   || total
-------------------------++-------
Melee: War axe           ||    72
  Use: Potion            ||     1
Armor: Scale mail        ||    23
Dodge: Dodged            ||    17
Block: Shield            ||    39
